 Dungeon Crawl Stone Soup version 0.25.1-8-g42b30a86e7 (webtiles) character file.

Game seed: 10131598229114590543

25 C3l3ry the Skirmisher (level 2, -6/24 HPs)
             Began as a Demonspawn Berserker on Dec 25, 2020.
             Was a Follower of Trog.
             Mangled by Sigmund
             ... wielding a +0 scythe
              (9 damage)
             ... on level 2 of the Dungeon.
             The game lasted 00:02:57 (1557 turns).

C3l3ry the Skirmisher (Demonspawn Berserker)        Turns: 1557, Time: 00:02:59

Health: -6/24      AC: 10    Str: 17    XL:     2   Next: 82%
Magic:  2/2        EV:  4    Int:  8    God:    Trog [*.....]
Gold:   112        SH:  7    Dex: 12    Spells: 1/1 levels left

rFire    . . .     SeeInvis .   a - +0 hand axe
rCold    . . .     Gourm    .   j - +0 kite shield
rNeg     . . .     Faith    .   l - +0 chain mail
rPois    .         Spirit   .   (no helmet)
rElec    .         Reflect  .   (no cloak)
rCorr    .         Harm     .   (no gloves)
MR       .....                  (no boots)
Stlth    ..........             (no amulet)
HPRegen  0.08/turn              (no ring)
MPRegen  0.08/turn              (no ring)

@: no status effects
A: molten scales 1
a: Berserk, Renounce Religion


You were on level 2 of the Dungeon.
You worshipped Trog.
Trog was aware of your devotion.
You were not hungry.

You visited 1 branch of the dungeon, and saw 2 of its levels.

You collected 112 gold pieces.

Inventory:

Hand Weapons
 a - a +0 hand axe (weapon)
Armour
 b - a +0 animal skin
 g - a +0 ring mail
 j - a +0 kite shield (worn)
 l - a +0 chain mail (worn)
Scrolls
 d - 6 scrolls of identify {unknown}
 f - a scroll of fog {unknown}
 n - a scroll of amnesia {unknown}
Potions
 e - a potion of brilliance {unknown}
 h - 2 potions of cancellation {unknown}
 i - a potion of haste {unknown}
 k - a potion of heal wounds {unknown}
 m - 2 potions of magic {unknown}
 o - a potion of lignification {unknown}
 p - a potion of resistance {unknown}
Comestibles
 c - 4 rations


   Skills:
 + Level 3.3 Fighting
 + Level 3.0 Axes
 + Level 2.2 Armour
 - Level 1.7 Dodging
 + Level 0.2 Shields


You had one spell level left.
You didn't know any spells.
Your spell library was empty.

Dungeon Overview and Level Annotations

Branches:
Dungeon (2/15)

Altars:

Annotations:
D:2 Sigmund


Innate Abilities, Weirdness & Mutations

You are partially covered in molten scales. (AC +2)


Message History

Sigmund hits you with a +0 scythe. Sigmund hits you with a +0 scythe.
You barely miss Sigmund.
Sigmund is lightly wounded.
Sigmund hits you but does no damage.
You closely miss Sigmund.
Sigmund is lightly wounded.
Sigmund hits you with a +0 scythe!
You bump into the rock wall.
You feel less confused.
You hit Sigmund.
Sigmund is lightly wounded.
Sigmund hits you with a +0 scythe.
You slash Sigmund!
Sigmund is moderately wounded.
Sigmund casts a spell at you. The magic dart hits you.
* * * LOW HITPOINT WARNING * * *
Sigmund hits you with a +0 scythe!
You die...

############.##
#######........@@gg%#
##.........########...#
.......##..# ...
.#.....##.## #
#.....##.# #.....##.#
#####.#..# #...##
###..#####


You could see Sigmund and 2 goblins.

Vanquished Creatures
  An ooze (D:1)
  4 leopard geckos
  2 hobgoblins
  2 bats (D:1)
  2 goblins (D:1)
  2 kobolds
  5 rats (D:1)
18 creatures vanquished.

Notes
Turn   | Place    | Note
-------+----------+-------------------------------------------
     0 | D:1      | C3l3ry the Demonspawn Berserker began the quest for the
                  | Orb.
     0 | D:1      | Reached XP level 1. HP: 18/18 MP: 1/1
   394 | D:1      | Gained mutation: You are partially covered in molten
                  | scales. (AC +2) [demonic ancestry]
   394 | D:1      | Reached XP level 2. HP: 18/24 MP: 2/2
  1545 | D:2      | Noticed Sigmund
  1557 | D:2      | Mangled by Sigmund

Illustrated notes

Levels and vault maps discovered:
D:1:      dpeg_arrival_court, layout_rooms, serial_co_window_serial,
          co_window_corner_a, co_window_of_opportunity_a, co_window_paths_a,
          co_window_corner_a, co_window_of_opportunity_a, co_window_corner_b,
          co_window_corner_b, co_window_paths_c, co_window_4corner_a,
          co_window_sun, glass_columns_a, glass_columns_a
D:2:      layout_rooms, makhleb_altar_promises_db, minmay_pentomino_w2,
          uniq_sigmund

Skill      XL: |  1  2 |
---------------+-------+-----
Armour         | 2 |  2.2
Axes           | 3 |  3.0
Fighting       | |  3.3
Dodging        | |  1.7
Shields        | |  0.2

Action                   || total
-------------------------++-------
Melee: Hand axe          ||    76
  Eat: Chunk             ||     2
Armor: Animal skin       ||     4
       Chain mail        ||    20
       Ring mail         ||     9
Dodge: Dodged            ||    37
Block: Kite shield       ||     7
